 Dungeon Crawl Stone Soup version 0.29.1-1-gd02db6906a (webtiles) character file.

Game seed: 14983451598026082589

158 safid the Shooter (level 5, -4/45 HPs)
             Began as a Minotaur Hunter on Oct 21, 2022.
             Succumbed to Duvessa's poison
             ... on level 4 of the Dungeon.
             The game lasted 00:02:45 (2592 turns).

safid the Shooter (Minotaur Hunter)                 Turns: 2592, Time: 00:02:45

Health: -4/45      AC:  7    Str: 15    XL:     5   Next: 16%
Magic:  4/4        EV: 10    Int:  6    God:
Gold:   152        SH:  0    Dex: 16    Spells: 4/4 levels left

rFire   . . .      SeeInvis +   a - +0 shortbow
rCold   . . .      Faith    .   (shield currently unavailable)
rNeg    . . .      Spirit   .   u - +0 scale mail
rPois   .          Reflect  .   (helmet restricted)
rElec   .          Harm     .   (no cloak)
rCorr   .          Rampage  .   (no gloves)
Will    .....                   f - +0 pair of boots
Stlth   ..........              (no amulet)
HPRegen 0.95/turn               k - ring of see invisible
MPRegen 0.09/turn               (no ring)

@: lethally poisoned (-4 -> -22)
A: horns 2, retaliatory headbutt, regeneration 1, wild magic 1
a: no special abilities


You were on level 4 of the Dungeon.
You visited 1 branch of the dungeon, and saw 4 of its levels.

You collected 152 gold pieces.

Inventory:

Hand Weapons
 a - a +0 shortbow (weapon)
Missiles
 m - 3 javelins
Armour
 f - a +0 pair of boots (worn)
 u - a +0 scale mail (worn)
Jewellery
 k - a ring of see invisible (left hand)
Wands
 r - a wand of flame (24)
Scrolls
 b - 3 scrolls of identify {unknown}
 d - a scroll of teleportation {unknown}
 j - a scroll of blinking {unknown}
 p - a scroll of enchant weapon {unknown}
 q - a scroll of amnesia {unknown}
 s - a scroll of enchant armour {unknown}
Potions
 e - 2 potions of curing {unknown}
 g - a potion of resistance {unknown}
 h - a potion of invisibility {unknown}
 i - a potion of mutation
 l - a potion of brilliance {unknown}
 n - a potion of degeneration {unknown}
 o - a potion of might {unknown}
 t - a potion of haste {unknown}


   Skills:
 - Level 3.0 Fighting
 + Level 7.0 Ranged Weapons
 - Level 2.1 Dodging
 - Level 0.7 Stealth


You had 4 spell levels left.
You didn't know any spells.
Your spell library contained the following spells:

 Spells                   Type           Power      Damage    Failure   Level
 Slow                     Hex            0%         N/A       95%         1
 Confusing Touch          Hex            0%         N/A       100%        3
 Vampiric Draining        Necr           0%         2d6       100%        3


Dungeon Overview and Level Annotations

Branches:
Dungeon (4/15)
 Temple: D:4-7

Altars:
Sif Muna

Annotations:
D:4 Dowan, Duvessa


Innate Abilities, Weirdness & Mutations

You have a pair of horns on your head.
You reflexively headbutt those who attack you in melee.
Your natural rate of healing is unusually fast.
Your spells are a little harder to cast, but a little more powerful.


Message History

Things that are here:
a +0 club; a +0 dagger; a +0 leather armour Duvessa, Sister of Dowan comes into view.
She is wielding a +2 short sword of venom.
Duvessa is nearby!
You shoot an arrow.
Duvessa shouts!
The arrow hits Duvessa but does no damage.
You shoot an arrow. The arrow barely misses Duvessa.
You shoot an arrow. The arrow hits Duvessa.
Duvessa is lightly wounded.
Duvessa hits you with a +2 short sword of venom!
You shoot an arrow. The arrow closely misses Duvessa.
You hear a shout!
Duvessa hits you with a +2 short sword of venom!
You are poisoned.
Dowan, Brother of Duvessa comes into view.
He is wielding a +0 dagger.
You shoot an arrow. The arrow closely misses Duvessa.
You feel very sick.
Duvessa says, "Where magic fails, the sword succeeds!"
Duvessa barely misses you.
You shoot an arrow. The arrow hits Duvessa.
Duvessa is lightly wounded.
You feel very sick.
Duvessa hits you with a +2 short sword of venom!
* * * LOW HITPOINT WARNING * * *
You are lethally poisoned!
You are too injured to fight recklessly!
You are too injured to fight recklessly!
Unknown command.
Duvessa attacks as you move away!
Duvessa hits you with a +2 short sword of venom.
* * * LOW HITPOINT WARNING * * *
You are more poisoned.
* * * LOW HITPOINT WARNING * * *
You feel extremely sick.
Things that are here:
a +0 club; a +0 dagger; a +0 leather armour It was a potion of mutation.
You feel extremely strange.
You begin to heal more quickly.
You feel less in control of your magic.
You die...

######
#<...#
#..#)#
#..#)#
#..#.#
#.####@#
#....ee#
#..###.#
# ..#
.#.#
#.#.# #
..# #.#
###


You could see Duvessa and Dowan.

Vanquished Creatures
  Natasha (thrice) (D:2)
  2 adders
  2 worms
  A dart slug (D:1)
  4 orcs (D:4)
  4 bats
  6 endoplasms
  2 giant cockroaches
  4 hobgoblins
  6 kobolds
  A quokka (D:2)
  4 ball pythons
  4 frilled lizards
  6 goblins
  4 rats
53 creatures vanquished.

Notes
Turn   | Place    | Note
-------+----------+-------------------------------------------
     0 | D:1      | safid the Minotaur Hunter began the quest for the Orb.
     0 | D:1      | Reached XP level 1. HP: 18/18 MP: 0/0
   290 | D:1      | Reached XP level 2. HP: 23/23 MP: 1/1
   458 | D:1      | Reached skill level 5 in Ranged Weapons
   905 | D:2      | Reached XP level 3. HP: 30/31 MP: 2/2
  1150 | D:2      | Noticed Natasha
  1152 | D:2      | Killed Natasha
  1153 | D:2      | Reached skill level 6 in Ranged Weapons
  1153 | D:2      | Reached XP level 4. HP: 38/38 MP: 3/3
  1451 | D:2      | Noticed Natasha
  1460 | D:2      | Killed Natasha
  1554 | D:2      | Noticed Natasha
  1556 | D:2      | Killed Natasha
  1988 | D:3      | Reached XP level 5. HP: 45/45 MP: 4/4
  1990 | D:3      | Found a faded altar of an unknown god.
  2061 | D:3      | Found a shimmering blue altar of Sif Muna.
  2580 | D:4      | Reached skill level 7 in Ranged Weapons
  2584 | D:4      | Noticed Duvessa
  2588 | D:4      | Noticed Dowan
  2591 | D:4      | HP: 1/45 [poisoned by Duvessa]
  2592 | D:4      | Gained mutation: Your natural rate of healing is unusually
                  | fast. [potion of mutation]
  2592 | D:4      | Gained mutation: Your spells are a little harder to cast,
                  | but a little more powerful. [potion of mutation]
  2592 | D:4      | Succumbed to Duvessa's poison

Illustrated notes

Levels and vault maps discovered:
D:1:      tarquinn_simple_flora_water_a, layout_basic, nrook_mini_vaults,
          st_stairs_1
D:2:      wander_river, layout_basic, minmay_misc_feat_diagonals, uniq_natasha
D:3:      layout_basic, nicolae_sif_muna_condensation,
          hellmonk_ecumenical_altar_blasted
D:4:      layout_basic, dk_noncrumbling_2, uniq_duvessa

Skill      XL: |  1  2  3  4  5 |
---------------+----------------+-----
Fighting       | 3 |  3.0
Ranged Weapons | 5 6 7 |  7.0
Dodging        | |  2.1
Stealth        | |  0.7

Action                   |  1- 3 |  4- 6 || total
-------------------------+-------+-------++-------
 Fire: Shortbow          |    95 |    50 ||   145
  Use: Potion            |       |     1 ||     1
Armor: Leather armour    |     9 |     1 ||    10
Dodge: Dodged            |    12 |     5 ||    17
